 Dungeon Crawl Stone Soup version 0.28.0-43-g3370ac3207 (webtiles) character file.

Game seed: 13852235788745505172

57 jimonade the Caller (level 4, -1/30 HPs)
             Began as a Merfolk Summoner on Mar 12, 2022.
             Slain by an adder (4 damage)
             ... on level 2 of the Dungeon.
             The game lasted 00:12:57 (3397 turns).

jimonade the Caller (Merfolk Summoner)              Turns: 3397, Time: 00:12:57

Health: -1/30      AC:  3    Str:  8    XL:     4   Next: 0%
Magic:  7/8        EV: 12    Int: 16    God:
Gold:   60         SH:  0    Dex: 14    Spells: 6/9 levels left

rFire   . . .      SeeInvis .   b - +0 quarterstaff
rCold   . . .      Faith    .   (shield currently unavailable)
rNeg    . . .      Spirit   .   a - +1 robe
rPois   .          Reflect  .   (no helmet)
rElec   .          Harm     .   (no cloak)
rCorr   .          Rampage  .   (no gloves)
Will    .....                   (no boots)
Stlth   ++........              (no amulet)
HPRegen 0.10/turn               (no ring)
MPRegen 0.11/turn               (no ring)

@: attractive, flying
A: (nimble swimmer 2), mertail
a: no special abilities


You were on level 2 of the Dungeon.
You visited 1 branch of the dungeon, and saw 2 of its levels.

You collected 60 gold pieces.

Inventory:

Hand Weapons
 b - a +0 quarterstaff (weapon)
 h - a +0 hunting sling
 k - a +0 hunting sling
Missiles
 g - 50 stones
Armour
 a - a +1 robe (worn)
 i - a +0 ring mail
Wands
 l - a wand of iceblast (4)
Scrolls
 e - a scroll of torment {unknown}
 f - 2 scrolls of identify {unknown}
 j - a scroll of enchant weapon {unknown}
 m - a scroll of silence {unknown}


   Skills:
 + Level 0.3 Staves
 - Level 2.6 Dodging
 - Level 2.1 Stealth
 * Level 3.0 Spellcasting
 * Level 4.7 Summonings


You had 6 spell levels left.
You knew the following spells:

 Your Spells              Type           Power      Damage    Failure   Level
a - Summon Small Mammal   Summ           68%        N/A       2%          1
b - Call Imp              Summ           17%        N/A       4%          2

Your spell library contained the following spells:

 Spells                   Type           Power      Damage    Failure   Level
 Call Canine Familiar     Summ           17%        N/A       9%          3
 Summon Guardian Golem    Hex/Summ       9%         N/A       22%         3
 Summon Lightning Spire   Summ/Air       9%         N/A       56%         4
 Orb of Destruction       Conj           1%         9d5       100%        7
 Spellforged Servitor     Conj/Summ      4%         N/A       100%        7


Dungeon Overview and Level Annotations

Branches:
Dungeon (2/15)

Altars:


Innate Abilities, Weirdness & Mutations

((You are very nimble when in or above water. (Stealth+, EV+, Speed+++)))
Your lower body shifts to a powerful aquatic tail in water.


Message History

You are no longer poisoned.
The adder bites you. The adder barely misses you.
Casting: Summon Small Mammal (safe; 2% risk of failure)
Confirm with . or Enter, or press ? or * to list all spells.
The adder barely misses you.
Your quokka barely misses the adder.
What are your orders? t - Shout!
Orders for allies: a - Attack new target. p - Attack previous target. r - Retreat! s - Stop attacking. g - Guard the area. f - Follow me.
Anything else - Cancel.
Gang up on whom?
Press: ? - help, Dir - move target, f/p - adder
Aim: an adder (ally target) Attack!
The adder bites you.
You are poisoned.
The adder poisons you!
You feel sick. The adder bites you.
* * * LOW HITPOINT WARNING * * *
Your rat misses the adder.
You feel sick.
Your quokka misses the adder.
You feel sick.
You feel sick.
You feel sick.
You are no longer poisoned.
The adder misses you. The adder bites you but does no damage.
The adder bites you.
* * * LOW HITPOINT WARNING * * *
It was a potion of flight.
You feel very buoyant.
You fly up into the air.
The adder barely misses you.
It was a potion of attraction.
You feel attractive to monsters.
Your rat misses the adder. The adder closely misses you.
As you read the scroll labelled JALIUL HIOBAR, it crumbles to dust.
It is a scroll of enchant armour.
Your +0 robe glows green for a moment.
The adder barely misses you.
Your rat closely misses the adder.
The adder bites you.
You die...

#....†.†......#
#####..##########.# #......# #.#
#.###..# #.# #.# #..# ####'####
########.###.)#### #.......#
#.......>........# #.......#
#.........#...##.## #.).....#
#.........#..@##..# #.......#
#.........#..S###.######.#####
...............r..r.......5....
###########.#....####.#.#.#.#.###
............#.........#.#.#.#.# #
.......######...#####.#.#.#.#.# #
.......######...##......#.#.#.###
###..........[..##......#.#....).
####..........##......#.###.###


You could see an adder (ally target) and a friendly rat (summoned).

Vanquished Creatures
  A giant cockroach (D:1)
  A jackal (D:1)
  A bat (D:2)
3 creatures vanquished.

Vanquished Creatures (collateral kills)
  An adder (D:2)
  A dart slug (D:1)
  An orc (D:1)
  3 ball pythons (D:1)
  4 endoplasms
  A goblin (D:1)
  2 hobgoblins (D:2)
  10 jackals
  5 kobolds
  A quokka (D:2)
  A bat (D:1)
  3 frilled lizards
  4 rats
37 creatures vanquished.

Grand Total: 40 creatures vanquished

Notes
Turn   | Place    | Note
-------+----------+-------------------------------------------
     0 | D:1      | jimonade the Merfolk Summoner began the quest for the Orb.
     0 | D:1      | Reached XP level 1. HP: 13/13 MP: 3/3
   654 | D:1      | Reached XP level 2. HP: 19/19 MP: 1/5
  1557 | D:1      | Learned a level 2 spell: Call Imp
  2130 | D:1      | Reached XP level 3. HP: 18/24 MP: 2/6
  2275 | D:2      | Found a faded altar of an unknown god.
  3292 | D:2      | Reached XP level 4. HP: 30/30 MP: 8/8
  3397 | D:2      | Slain by an adder

Illustrated notes

Levels and vault maps discovered:
D:1:      onia_arrival_handbag, layout_loops_ring, minmay_misc_feat_encased,
          wad_floor_pattern_untrapped, minivault_14
D:2:      layout_basic, ebering_ecumenical_altar_webs

Skill      XL: |  1  2  3 |
---------------+----------+-----
Spellcasting   | 3 |  3.0
Staves         | |  0.3
Dodging        | |  2.6
Stealth        | |  2.1
Summonings     | |  4.7

Action                   |  1- 3 |  4- 6 || total
-------------------------+-------+-------++-------
Melee: Quarterstaff      |    17 |       ||    17
 Cast: Summon Small Mamm |    32 |     2 ||    34
       Call Imp          |    17 |     1 ||    18
  Use: Potion            |       |     2 ||     2
       Scroll            |       |     1 ||     1
Armor: Robe              |    14 |     1 ||    15
Dodge: Dodged            |    32 |     6 ||    38
